[Event "Titled Tuesday Blitz April 19 Late 2022"]
[White "Karwowski, Kacper"]
[Black "Petesch, Gabriel"]
[WhiteFideId "1126032"]
[BlackFideId "2032465"]
[WhiteElo "2261"]
[BlackElo "2374"]
[Result "0-1"]
[Round "08"]
[TimeControl "180+1"]
[Date "2022.04.19"]
[WhiteClock "0:00:01"]
[BlackClock "0:01:20"]

1. e4 Nf6 2. e5 Nd5 3. d4 d6 4. exd6 Qxd6 5. Bd3 Nf4 6. Bxf4 Qxf4 7. Ne2 Qd6 8. Nbc3 c6 9. Ne4 Qb4+ 10. Qd2 Qxb2 11. O-O Qa3 12. Qf4 Qa5 13. N2g3 e6 14. Ng5 f6 15. Nxh7 Na6 16. Nxf6+ gxf6 17. Qxf6 Rg8 18. Bg6+ Rxg6 19. Qxg6+ Kd8 20. Qf7 Be7 21. Rfe1 Qg5 22. c4 Bd7 23. d5 exd5 24. cxd5 Qf6 25. Qg8+ Qf8 26. Qxf8+ Bxf8 27. dxc6 Bxc6 28. Rad1+ Kc7 29. Nf5 Nc5 30. Ne7 Ba4 31. Rc1 b6 32. Nd5+ Kb7 33. g3 Bh6 34. f4 Rg8 35. Kf2 Rd8 36. Re7+ Ka6 37. Nf6 Nd3+ 38. Kf3 Nxc1 39. Nd7 Bd1+ 0-1


[Site "https://www.chess.com"]

[Event "Titled Tuesday Blitz April 19 Late 2022"]
[White "Kavyev, Ruslan"]
[Black "Petrovic, Aleksa"]
[WhiteFideId "34110981"]
[BlackFideId "967629"]
[WhiteElo "2182"]
[BlackElo "2198"]
[Result "0-1"]
[Round "08"]
[TimeControl "180+1"]
[Date "2022.04.19"]
[WhiteClock "0:01:14"]
[BlackClock "0:00:10"]

1. e4 e6 2. d3 c5 3. Nd2 Nc6 4. g3 Bd6 5. Bg2 Nge7 6. Ngf3 b6 7. O-O Ba6 8. Re1 Qb8 9. e5 Bc7 10. a4 Bb7 11. c4 Ng6 12. Ne4 Ngxe5 13. Nxe5 Bxe5 14. Bf4 Bxf4 15. gxf4 Qxf4 16. Qh5 O-O-O 17. a5 f5 18. axb6 axb6 19. Nc3 Nd4 20. Nb5 Nxb5 21. cxb5 Bxg2 22. Kxg2 Kb7 23. Ra6 Ra8 24. Qf7 Qd6 25. Rea1 Rxa6 26. Rxa6 Qxd3 27. Qxg7 Rc8 28. Qxh7 Qxb5 29. Ra1 Qxb2 30. Rd1 Qe5 31. Rxd7+ Rc7 32. h4 Qd5+ 33. Rxd5 Rxh7 34. Rd6 Rxh4 35. Rxe6 c4 36. Kf3 c3 37. Ke2 Rc4 38. Kd1 c2+ 39. Kc1 Rc5 40. f4 b5 41. Rf6 b4 42. Re6 b3 43. Re1 Kc6 44. Kb2 c1=Q+ 45. Rxc1 Rxc1 46. Kxc1 Kd5 47. Kb2 Kc4 48. Kb1 Kd3 49. Kb2 Ke4 50. Kxb3 Kxf4 51. Kc2 Kg3 52. Kd1 Kg2 53. Ke1 f4 0-1


[Site "https://www.chess.com"]

[Event "Titled Tuesday Blitz April 19 Late 2022"]
[White "Kazakouski, Valery"]
[Black "Vlassov, Nikolai"]
[WhiteFideId "13507443"]
[BlackFideId "4103360"]
[WhiteElo "2524"]
[BlackElo "2407"]
[Result "0-1"]
[Round "08"]
[TimeControl "180+1"]
[Date "2022.04.19"]
[WhiteClock "0:00:01"]
[BlackClock "0:00:34"]

1. d4 Nf6 2. c4 Nc6 3. Nf3 e6 4. g3 Bb4+ 5. Bd2 a5 6. Bg2 d6 7. O-O e5 8. Be3 O-O 9. a3 exd4 10. Nxd4 Nxd4 11. Bxd4 Bc5 12. Bxc5 dxc5 13. Qxd8 Rxd8 14. Nc3 Be6 15. b3 Rab8 16. Rfd1 b6 17. h3 Kf8 18. f4 Ke7 19. Kf2 Rxd1 20. Rxd1 Rd8 21. Rxd8 Kxd8 22. g4 Ne8 23. a4 f6 24. Bd5 Bd7 25. Kg3 Nd6 26. e4 h6 27. e5 fxe5 28. fxe5 Nc8 29. Kf4 Ne7 30. e6 Be8 31. Be4 Ng6+ 32. Kf5 Ke7 33. Nb5 c6 34. Na7 Kd6 35. Nc8+ Kc7 36. Na7 Ne7+ 37. Ke5 Ng6+ 38. Bxg6 Bxg6 39. e7 Kd7 40. h4 Kxe7 0-1


[Site "https://www.chess.com"]

[Event "Titled Tuesday Blitz April 19 Late 2022"]
[White "Keymer, Vincent"]
[Black "Leiva, Gianmarco"]
[WhiteFideId "12940690"]
[BlackFideId "3804399"]
[WhiteElo "2557"]
[BlackElo "2323"]
[Result "1-0"]
[Round "08"]
[TimeControl "180+1"]
[Date "2022.04.19"]
[WhiteClock "0:00:11"]
[BlackClock "0:00:01"]

1. d4 Nf6 2. c4 e6 3. Nf3 d5 4. Nc3 a6 5. cxd5 exd5 6. Bg5 Be6 7. e3 Nbd7 8. h3 c6 9. Bd3 Bd6 10. Bf4 Qb8 11. Qd2 h6 12. Bc2 Nb6 13. b3 O-O 14. O-O Re8 15. Rfe1 Qd8 16. Bxd6 Qxd6 17. Ne5 a5 18. a4 Nfd7 19. f4 f6 20. Ng6 Nf8 21. Qd3 Nbd7 22. Nh4 Bf7 23. Rf1 Qe7 24. Rf3 c5 25. Rg3 Be6 26. Re1 Kh8 27. Bb1 cxd4 28. exd4 Qd6 29. Ng6+ Kg8 30. Nb5 Qb4 31. Ree3 Bf7 32. Nh4 Rxe3 33. Rxe3 Rc8 34. Nf5 Rc1+ 35. Kh2 Bg6 36. h4 Bxf5 37. Qxf5 Qd2 38. Re8 Qd1 39. Qh7+ Kf7 40. Bg6+ Nxg6 41. Qg8# 1-0


[Site "https://www.chess.com"]

[Event "Titled Tuesday Blitz April 19 Late 2022"]
[White "Koelle, Tobias"]
[Black "Avramidou, Anastasia"]
[WhiteFideId "16207378"]
[BlackFideId "4239873"]
[WhiteElo "2640"]
[BlackElo "2520"]
[Result "1-0"]
[Round "08"]
[TimeControl "180+1"]
[Date "2022.04.19"]
[WhiteClock "0:01:13"]
[BlackClock "0:00:13"]

1. Nf3 Nf6 2. c4 e6 3. Nc3 d5 4. e3 Be7 5. b3 O-O 6. Bb2 b6 7. cxd5 exd5 8. g3 Bb7 9. Bg2 c5 10. O-O d4 11. exd4 cxd4 12. Ne2 d3 13. Nf4 Na6 14. a3 Rc8 15. b4 Nc7 16. Qb3 Be4 17. Rac1 h6 18. Rfe1 g5 19. Bxf6 Bxf6 20. Rxe4 gxf4 21. Rxf4 Bg7 22. Rfc4 Qd7 23. Ne1 Ne6 24. Rxc8 Rxc8 25. Qxd3 Qe8 26. Rxc8 Qxc8 27. Nc2 a5 28. h4 axb4 29. axb4 Qc7 30. Ne3 Qc1+ 31. Kh2 Qb2 32. Nd5 Qd4 33. Qxd4 Bxd4 34. f4 Ng7 35. Be4 Ne8 36. Nc3 Nd6 37. Bd3 Kf8 38. Kg2 Ke7 39. Kf3 Kd8 40. Kg4 Ke7 41. Kh5 Kf8 42. Kxh6 Bf2 43. Ne2 Be1 44. b5 Bxd2 45. g4 Nb7 46. g5 Nc5 47. Bc4 Ne4 48. Kh7 Ng3 49. Nxg3 1-0


[Site "https://www.chess.com"]

[Event "Titled Tuesday Blitz April 19 Late 2022"]
[White "Korchmar, Vasiliy"]
[Black "Djokic, Mihailo"]
[WhiteFideId "24131750"]
[BlackFideId "976440"]
[WhiteElo "2370"]
[BlackElo "2202"]
[Result "1-0"]
[Round "08"]
[TimeControl "180+1"]
[Date "2022.04.19"]
[WhiteClock "0:02:06"]
[BlackClock "0:01:19"]

1. d4 Nf6 2. Bf4 g6 3. Nc3 d5 4. e3 Bg7 5. h4 h5 6. Nf3 O-O 7. Ne5 c5 8. Qd2 Nc6 9. Bb5 cxd4 10. exd4 Qb6 11. Bxc6 bxc6 12. Na4 Qa6 13. Nc5 Qb6 14. O-O-O Bf5 15. f3 a5 16. g4 hxg4 17. h5 Nxh5 18. fxg4 Nxf4 19. Qxf4 Be4 20. Qh2 Bxh1 21. Rxh1 Rfb8 22. Qh7+ Kf8 23. Ncd7+ 1-0


[Site "https://www.chess.com"]

[Event "Titled Tuesday Blitz April 19 Late 2022"]
[White "Kosteniuk, Alexandra"]
[Black "Martic, Ivan"]
[WhiteFideId "4128125"]
[BlackFideId "929301"]
[WhiteElo "2469"]
[BlackElo "2317"]
[Result "1-0"]
[Round "08"]
[TimeControl "180+1"]
[Date "2022.04.19"]
[WhiteClock "0:00:07"]
[BlackClock "0:00:07"]

1. e4 c5 2. c3 Nf6 3. e5 Nd5 4. Nf3 e6 5. d4 cxd4 6. cxd4 d6 7. Bc4 Nc6 8. O-O Be7 9. Qe2 O-O 10. Rd1 Na5 11. Bd3 Nb4 12. Be4 d5 13. Bd3 Nxd3 14. Rxd3 Bd7 15. Nc3 b5 16. Qd1 Rc8 17. h4 b4 18. Ne2 Bb5 19. Rd2 Qc7 20. b3 Qc6 21. Ng3 Rc7 22. Bb2 Rfc8 23. Ng5 h6 24. Nf3 Qa6 25. Nh5 Kh8 26. Kh2 Bf8 27. Ne1 Nc6 28. Nc2 Qb6 29. Ne3 a5 30. Rc1 Ne7 31. Rdc2 Ng6 32. g3 Rc6 33. f4 R8c7 34. f5 exf5 35. Nxf5 Rxc2+ 36. Rxc2 Rxc2+ 37. Qxc2 Qe6 38. Ne3 Ba6 39. Nf4 Nxf4 40. gxf4 Qe7 41. Kg3 Qd8 42. Qc6 Bd3 43. Qxd5 Qc7 44. Nc4 Be7 45. Qa8+ Kh7 46. Qxa5 Qc8 47. d5 Qf5 48. Bc1 Bf1 49. Kf2 Qh3 50. Ne3 Bxh4+ 51. Kg1 Be2 52. Ng2 Qg3 53. Qc5 Bf3 54. Qc2+ g6 55. e6 Bxg2 56. Qxg2 Qe1+ 57. Qf1 Bf2+ 58. Kg2 Qe4+ 59. Kxf2 Qxd5 60. e7 Qc5+ 61. Be3 Qxe7 62. Qc4 Qh4+ 63. Ke2 Qh2+ 64. Kd3 Kg8 65. Qc8+ Kh7 66. Qd7 Kg8 67. Qe8+ Kg7 68. Bd4+ 1-0


[Site "https://www.chess.com"]

[Event "Titled Tuesday Blitz April 19 Late 2022"]
[White "Kostiukov, Alexandr"]
[Black "Marin Masis, Jose Esteban"]
[WhiteFideId "14108100"]
[BlackFideId "6508146"]
[WhiteElo "2202"]
[BlackElo "1710"]
[Result "1-0"]
[Round "08"]
[TimeControl "180+1"]
[Date "2022.04.19"]
[WhiteClock "0:01:39"]
[BlackClock "0:00:58"]

1. g3 d5 2. Bg2 e5 3. c4 Nf6 4. cxd5 Nxd5 5. Nf3 Nc6 6. O-O Bg4 7. Nc3 Nxc3 8. bxc3 Bc5 9. Qa4 Bd7 10. Qb5 Bd6 11. Qxb7 Rb8 12. Qa6 O-O 13. d3 Rb6 14. Qc4 Be6 15. Qa4 Qb8 16. Be3 Bd7 17. Bxb6 axb6 18. Qc2 e4 19. Ng5 exd3 20. Qxd3 Ne5 21. Qxh7# 1-0


[Site "https://www.chess.com"]

[Event "Titled Tuesday Blitz April 19 Late 2022"]
[White "Koutlas, Nikolaos"]
[Black "Ardila, Oscar Humberto"]
[WhiteFideId "25827138"]
[BlackFideId "4404742"]
[WhiteElo "1645"]
[BlackElo "1983"]
[Result "1-0"]
[Round "08"]
[TimeControl "180+1"]
[Date "2022.04.19"]
[WhiteClock "0:01:31"]
[BlackClock "0:00:13"]

1. a3 Nf6 2. f4 d6 3. Nf3 g6 4. b4 Bg7 5. Bb2 O-O 6. e3 Nbd7 7. Be2 a5 8. O-O c6 9. d3 Qb6 10. Bd4 c5 11. bxc5 Nxc5 12. Nbd2 Qc7 13. Rb1 b6 14. Nc4 Rb8 15. e4 Be6 16. e5 Nd5 17. exd6 exd6 18. Bxg7 Kxg7 19. Qd2 Rfe8 20. Nd4 Bd7 21. f5 f6 22. fxg6 hxg6 23. Bf3 Ne7 24. Qf4 b5 25. Nxd6 Qa7 26. Nxe8+ Rxe8 27. Bd5 Nxd5 28. Qd6 Nc3 29. Qxf6+ Kh6 30. Rf4 Ne2+ 31. Nxe2 Ne4+ 32. Qd4 Qxd4+ 33. Nxd4 Nc3 34. Rbf1 b4 35. axb4 axb4 36. Rf7 Be6 37. R7f6 Bd7 38. h4 Re5 39. Rf7 Rd5 40. Nf3 Ne2+ 41. Kh2 Be6 42. Re7 Bg8 43. Ng5 Rd4 44. Rxe2 Rxh4+ 45. Nh3 g5 46. Re4 g4 47. Rff4 Bd5 48. Rxg4 1-0


[Site "https://www.chess.com"]

[Event "Titled Tuesday Blitz April 19 Late 2022"]
[White "Kovanova, Baira"]
[Black "Vujic, Mihailo"]
[WhiteFideId "4164083"]
[BlackFideId "918873"]
[WhiteElo "2190"]
[BlackElo "2256"]
[Result "0-1"]
[Round "08"]
[TimeControl "180+1"]
[Date "2022.04.19"]
[WhiteClock "0:00:01"]
[BlackClock "0:00:04"]

1. e4 e5 2. Nf3 Nc6 3. Bb5 f5 4. d3 fxe4 5. dxe4 Nf6 6. O-O Bc5 7. Nc3 d6 8. Be3 Bb6 9. Bc4 Bg4 10. h3 Bh5 11. a4 Nd4 12. Bxd4 Bxd4 13. Qd3 Bxc3 14. Qxc3 Nxe4 15. Qe3 Nf6 16. Rfe1 Qe7 17. Ng5 d5 18. Qxe5 Qxe5 19. Rxe5+ Kd7 20. Bxd5 Kd6 21. f4 Nxd5 22. g4 Nxf4 23. Re4 h6 24. Rd1+ Kc6 25. Ne6 Nxh3+ 26. Kh2 Nf2 27. Rc4+ Kb6 28. Rd5 Nxg4+ 29. Kg3 a5 30. Rxh5 Nf6 31. Rb5+ Ka7 32. Rxc7 Rab8 33. Rxa5+ Kb6 34. Rb5+ Ka7 35. Nd4 Ne4+ 36. Kf4 Nd6 37. Nc6+ Ka6 38. Nb4+ Ka7 39. Nc6+ Ka6 40. Nxb8+ Rxb8 41. Rd5 Ne8 42. Re7 Nf6 43. Rd6+ b6 44. b4 Nh5+ 45. Kg4 Nf6+ 46. Kg3 Rc8 47. b5+ Ka5 48. Ra7+ Kb4 49. Rxb6 Rc3+ 50. Kf2 Rxc2+ 51. Kf3 Rc3+ 52. Ke2 Rc2+ 53. Kd1 Rc4 54. Rxg7 Ne4 55. Rc6 Nc3+ 0-1


[Site "https://www.chess.com"]

[Event "Titled Tuesday Blitz April 19 Late 2022"]
[White "Leitao, Rafael"]
[Black "Isajevsky, Anton"]
[WhiteFideId "2101246"]
[BlackFideId "4142500"]
[WhiteElo "2666"]
[BlackElo "2535"]
[Result "0-1"]
[Round "08"]
[TimeControl "180+1"]
[Date "2022.04.19"]
[WhiteClock "0:00:18"]
[BlackClock "0:00:04"]

1. e4 g6 2. d4 Bg7 3. Nf3 a6 4. a4 b6 5. Nc3 Bb7 6. Bd3 d6 7. O-O e6 8. Bg5 Ne7 9. Qd2 h6 10. Be3 Nd7 11. Rad1 Nf6 12. Rfe1 Kf8 13. h3 Kg8 14. Bf4 Kh7 15. Bh2 Nd7 16. h4 Nf6 17. Qf4 Rf8 18. e5 Nfd5 19. Nxd5 Nxd5 20. Qg3 Nb4 21. exd6 cxd6 22. Qxd6 Bxf3 23. gxf3 Nxd3 24. Qxd8 Raxd8 25. Rxd3 Rxd4 26. Rxd4 Bxd4 27. c3 Bf6 28. Re4 Rc8 29. Kf1 b5 30. axb5 axb5 31. Ke2 Rc5 32. Bd6 Rd5 33. Bg3 h5 34. Re3 g5 35. hxg5 Bxg5 36. f4 Bf6 37. Rd3 Kg6 38. Rxd5 exd5 39. Kf3 Kf5 40. Bh2 d4 41. cxd4 Bxd4 42. b3 h4 43. Bg1 Bc5 44. Bh2 Bd6 45. Ke3 Bc7 46. Kf3 Bd6 47. Kg2 Bxf4 48. Bg1 Kg4 49. f3+ Kf5 50. Kh3 Bg3 51. Bd4 Ke6 52. Kg4 f5+ 53. Kg5 h3 0-1


[Site "https://www.chess.com"]

[Event "Titled Tuesday Blitz April 19 Late 2022"]
[White "Mangialardo, Tiago Carvalho"]
[Black "Carrasco Miranda, Andres"]
[WhiteFideId "2130718"]
[BlackFideId "3405990"]
[WhiteElo "2052"]
[BlackElo "2177"]
[Result "0-1"]
[Round "08"]
[TimeControl "180+1"]
[Date "2022.04.19"]
[WhiteClock "0:00:58"]
[BlackClock "0:02:17"]

1. e4 c5 2. Nf3 d6 3. d4 cxd4 4. Nxd4 Nf6 5. Nc3 a6 6. Be3 e5 7. Nb3 Be6 8. Be2 Be7 9. Qd2 Nbd7 10. f3 h5 11. h3 h4 12. O-O-O Rc8 13. f4 exf4 14. Bxf4 Ne5 15. Bxe5 dxe5 16. Qg5 Nd7 17. Qxg7 Bf6 18. Rxd7 Bxd7 0-1


[Site "https://www.chess.com"]

[Event "Titled Tuesday Blitz April 19 Late 2022"]
[White "Martinez Reyes, Pedro Ramon"]
[Black "Holt, Conrad"]
[WhiteFideId "3901807"]
[BlackFideId "2034387"]
[WhiteElo "2410"]
[BlackElo "2586"]
[Result "0-1"]
[Round "08"]
[TimeControl "180+1"]
[Date "2022.04.19"]
[WhiteClock "0:00:04"]
[BlackClock "0:00:03"]

1. g4 e5 2. Bg2 Nc6 3. d3 d5 4. h3 Be6 5. Nc3 d4 6. Ne4 Nf6 7. Bg5 Bb4+ 8. c3 Nxe4 9. Bxd8 dxc3 10. bxc3 Bxc3+ 11. Kf1 Nd2+ 12. Qxd2 Bxd2 13. Bxc7 f6 14. Rb1 Bc8 15. Bxc6+ bxc6 16. Nf3 Bc3 17. Kg2 Kd7 18. Rhc1 Kxc7 19. Rxc3 Bd7 20. Ra3 Rhb8 21. Rxb8 Kxb8 22. Nd2 Be6 23. Ne4 Bd5 24. Kf3 Kc7 25. Ke3 a5 26. Nc3 Kb6 27. Kd2 Be6 28. f3 Ra7 29. Na4+ Kb5 30. Kc3 Ra8 31. Nb2 Rh8 32. Nc4 a4 33. Nd6+ Kc5 34. Ne4+ Kb5 35. Nd6+ Kc5 36. Ne4+ Kb5 37. h4 Ra8 38. g5 f5 39. Nd2 c5 40. Nf1 Ra7 41. Ne3 f4 42. Nd1 h6 43. Nb2 hxg5 44. hxg5 Bd5 45. Nd1 Ra6 46. Nb2 Ra7 47. Nd1 Bf7 48. Kb2 Be8 49. Rc3 Kc6 50. Rc4 Bf7 51. Re4 Rb7+ 52. Ka3 Kd6 53. Nc3 Be8 54. Nxa4 Ra7 55. Kb3 Bc6 56. Nb6 Rb7 0-1


[Site "https://www.chess.com"]

[Event "Titled Tuesday Blitz April 19 Late 2022"]
[White "Mekhitarian, Krikor Sevag"]
[Black "Tregubov, Pavel V."]
[WhiteFideId "2107660"]
[BlackFideId "4115341"]
[WhiteElo "2598"]
[BlackElo "2341"]
[Result "1/2-1/2"]
[Round "08"]
[TimeControl "180+1"]
[Date "2022.04.19"]
[WhiteClock "0:00:04"]
[BlackClock "0:00:07"]

1. Nf3 Nf6 2. c4 c5 3. Nc3 Nc6 4. g3 d5 5. cxd5 Nxd5 6. Bg2 Nc7 7. O-O e5 8. d3 Be7 9. Nd2 Bd7 10. Nc4 f6 11. f4 b5 12. Ne3 O-O 13. Ned5 Nxd5 14. Bxd5+ Kh8 15. Nxb5 Nb4 16. Bxa8 Qxa8 17. Nc3 Bh3 18. Rf2 c4 19. dxc4 Rd8 20. Bd2 Bc5 21. e3 exf4 22. gxf4 Nd3 23. Qf3 Qc8 24. Nd5 Nxf2 25. Kxf2 Bg4 26. Qe4 Bf5 27. Qf3 Bg4 28. Qg2 Qf5 29. Rg1 h5 30. h3 Qc2 31. hxg4 Qxd2+ 32. Kf3 Qxg2+ 33. Rxg2 hxg4+ 34. Rxg4 a5 35. Rg2 Re8 36. b3 Kg8 37. Rd2 Kf7 38. e4 g5 39. fxg5 fxg5 40. Rh2 Kg6 41. Rg2 Rf8+ 42. Ke2 Kh5 43. Ne3 Rf4 44. Rh2+ Kg6 45. Nd5 Rxe4+ 46. Kf3 Rd4 47. Rh8 g4+ 48. Kg2 Rd2+ 49. Kg3 Rxa2 50. Kxg4 Rb2 51. Rb8 a4 52. Rb5 Bd4 53. bxa4 Rc2 54. Rb4 Bc5 55. Rb5 Rxc4+ 56. Kf3 Bd4 57. Nf4+ Kf7 58. Nd3 Rxa4 59. Ke4 Bc3+ 60. Kf5 Rd4 61. Rb7+ Ke8 62. Ne5 Rd5 63. Rb8+ Ke7 64. Rb7+ Kd8 65. Rd7+ Rxd7 66. Nxd7 1/2-1/2


[Site "https://www.chess.com"]

[Event "Titled Tuesday Blitz April 19 Late 2022"]
[White "Melikhov, Evgeny V."]
[Black "Nozdrachev, Leonid"]
[WhiteFideId "4122046"]
[BlackFideId "24113433"]
[WhiteElo "1931"]
[BlackElo "2242"]
[Result "1-0"]
[Round "08"]
[TimeControl "180+1"]
[Date "2022.04.19"]
[WhiteClock "0:00:26"]
[BlackClock "0:00:24"]

1. d4 f5 2. e4 d5 3. exd5 Nf6 4. Nc3 Nxd5 5. Bc4 Be6 6. Nxd5 Bxd5 7. Bxd5 Qxd5 8. Nf3 Nc6 9. O-O O-O-O 10. Be3 e5 11. dxe5 Nxe5 12. Qxd5 Rxd5 13. Nxe5 Rxe5 14. Rad1 Bc5 15. Bxc5 Rxc5 16. c3 Re8 17. Rfe1 Rxe1+ 18. Rxe1 Kd7 19. Kf1 Rd5 20. Ke2 Re5+ 21. Kd2 Rxe1 22. Kxe1 Kd6 23. Ke2 Kd5 24. Ke3 g5 25. f4 g4 26. Kd3 a5 27. c4+ Kc5 28. Kc3 c6 29. b3 b5 30. a3 a4 31. b4+ Kd6 32. cxb5 cxb5 33. Kd4 h6 34. h4 gxh3 35. gxh3 Kc6 36. Ke5 h5 37. h4 1-0


[Site "https://www.chess.com"]

[Event "Titled Tuesday Blitz April 19 Late 2022"]
[White "Migot, Tangi"]
[Black "Wu, Derek"]
[WhiteFideId "662445"]
[BlackFideId "30914558"]
[WhiteElo "2542"]
[BlackElo "2071"]
[Result "1-0"]
[Round "08"]
[TimeControl "180+1"]
[Date "2022.04.19"]
[WhiteClock "0:00:14"]
[BlackClock "0:00:11"]

1. Nf3 d5 2. g3 Nc6 3. d4 Bg4 4. Bg2 Qd7 5. c4 O-O-O 6. cxd5 Qxd5 7. O-O Nxd4 8. Nxd4 Qxd4 9. Qc2 Nf6 10. Nc3 e5 11. Nb5 Qb6 12. a4 Bc5 13. b4 Bd4 14. Nxd4 exd4 15. a5 Qb5 16. Bf4 Rd7 17. Rfc1 Bf5 18. Qb2 Be4 19. Bh3 Nd5 20. Rc5 Qa6 21. Bxd7+ Kxd7 22. b5 Qe6 23. Qxd4 Ke7 24. f3 Nxf4 25. Rxc7+ Ke8 26. gxf4 Bg6 27. Kf2 f6 28. Rd1 1-0


[Site "https://www.chess.com"]

[Event "Titled Tuesday Blitz April 19 Late 2022"]
[White "Miszler, Levente"]
[Black "Ibadov, Dashgyn"]
[WhiteFideId "763276"]
[BlackFideId "24107514"]
[WhiteElo "1966"]
[BlackElo "2138"]
[Result "1/2-1/2"]
[Round "08"]
[TimeControl "180+1"]
[Date "2022.04.19"]
[WhiteClock "0:00:04"]
[BlackClock "0:00:07"]

1. Nf3 c5 2. c4 Nf6 3. Nc3 e6 4. g3 b6 5. Bg2 Bb7 6. O-O Be7 7. d3 O-O 8. e4 d5 9. cxd5 exd5 10. e5 Ne8 11. d4 Nc7 12. Be3 Ne6 13. Qd2 Nc6 14. Rad1 c4 15. Ne1 a6 16. f4 Nc7 17. f5 f6 18. e6 b5 19. Bf4 Bd6 20. Bxd6 Qxd6 21. Qf4 Qxf4 22. Rxf4 Ne7 23. Nc2 a5 24. a3 Bc6 25. g4 Rfb8 26. Rf2 b4 27. Nb1 Ba4 28. Rc1 Bxc2 29. Rfxc2 bxa3 30. Nxa3 Rb3 31. Nxc4 Nb5 32. Nxa5 Rb4 33. Nc6 Nxc6 34. Rxc6 h5 35. Rc8+ Rxc8 36. Rxc8+ Kh7 37. e7 Nd6 38. e8=Q Nxe8 39. Rxe8 hxg4 40. Bxd5 Rxd4 41. Bf7 Kh6 42. Rb8 Kg5 43. Be6 Kf4 44. Rc8 Rd1+ 45. Kg2 Rd2+ 46. Kg1 Rxb2 47. Rc4+ Kg5 48. Rc3 Rd2 49. Rg3 Kf4 50. Rg2 Rd1+ 51. Kf2 Rd2+ 52. Kf1 Rd1+ 53. Ke2 Rb1 54. Rf2+ Kg5 55. Ke3 Rb4 56. Rd2 Rb6 57. Kf2 g6 58. Rd5 gxf5 59. Bxf5 Kf4 60. Bc2 Rb2 61. Rc5 Ra2 62. Rc4+ Kg5 63. Kg3 Ra3+ 64. Kg2 f5 65. Rc5 Kh4 66. Rxf5 Ra2 67. Rf2 Kg5 68. Rd2 Kh4 69. Re2 Rb2 70. Kf2 Rb3 71. Rd2 Rb2 72. Ke2 Kh3 73. Kd1 Ra2 74. Re2 Ra1+ 75. Kd2 Rh1 76. Bf5 Rxh2 77. Bxg4+ Kg3 78. Rxh2 Kxh2 1/2-1/2


[Site "https://www.chess.com"]

[Event "Titled Tuesday Blitz April 19 Late 2022"]
[White "Naroditsky, Daniel"]
[Black "Kamsky, Gata"]
[WhiteFideId "2026961"]
[BlackFideId "2000024"]
[WhiteElo "2608"]
[BlackElo "2645"]
[Result "1-0"]
[Round "08"]
[TimeControl "180+1"]
[Date "2022.04.19"]
[WhiteClock "0:00:32"]
[BlackClock "0:00:05"]

1. e4 e5 2. Nf3 Nc6 3. Bb5 Nf6 4. O-O Nxe4 5. d4 Nd6 6. Ba4 e4 7. Ne5 Be7 8. Nc3 O-O 9. Re1 Bf6 10. Bf4 Re8 11. Nxe4 Nxe4 12. Rxe4 Bxe5 13. dxe5 d6 14. Bxc6 bxc6 15. Rd4 d5 16. Qd2 Qd7 17. Re1 Qf5 18. Bg3 Be6 19. Qc3 Rab8 20. b3 Bd7 21. h3 Qg6 22. Qc5 Rb6 23. a4 a6 24. Kh2 h6 25. Re3 Bf5 26. Rc3 Re6 27. Bf4 Be4 28. f3 Bf5 29. g4 Bxc2 30. Rxc2 Rxb3 31. Rf2 f6 32. exf6 Rxf6 33. Qc2 Qxc2 34. Rxc2 Rxf3 35. Bxc7 Ra3 36. Kg2 Re6 37. Bf4 Kh7 38. h4 Kg6 39. h5+ Kh7 40. Bc1 Rb3 41. Rf2 c5 42. Rxd5 Rb4 43. Rf4 Ree4 44. Rxe4 Rxe4 45. Kf3 Rxa4 46. Rxc5 Ra2 47. Rc7 a5 48. Be3 Ra3 49. Ke4 Kg8 50. Bd4 Rg3 51. Rxg7+ Kf8 52. Rg6 Kf7 53. Kf4 Rd3 54. Be5 1-0


[Site "https://www.chess.com"]

[Event "Titled Tuesday Blitz April 19 Late 2022"]
[White "Nathan, Nitish"]
[Black "Nazaretyan, Tigran"]
[WhiteFideId "30927870"]
[BlackFideId "24162345"]
[WhiteElo "2303"]
[BlackElo "2225"]
[Result "1-0"]
[Round "08"]
[TimeControl "180+1"]
[Date "2022.04.19"]
[WhiteClock "0:01:14"]
[BlackClock "0:00:17"]

1. d4 Nf6 2. Bf4 d6 3. e3 Nbd7 4. Nf3 h6 5. h3 g5 6. Bh2 Bg7 7. Bd3 b6 8. c3 Bb7 9. Nbd2 O-O 10. O-O e6 11. e4 Qe7 12. Re1 e5 13. Bc2 Nh5 14. Nxe5 dxe5 15. Qxh5 exd4 16. cxd4 Bxd4 17. Qxh6 Bg7 18. Qh5 Ne5 19. Bxe5 Qxe5 20. Nf3 Qf6 21. e5 Qh6 22. Qxg5 Bxf3 23. Qxh6 Bxh6 24. gxf3 Rfe8 25. Bb3 Bf4 26. Re4 Bh6 27. Rae1 Kf8 28. Rh4 Bg7 29. Rf4 f6 30. e6 Ke7 31. Rd4 Rad8 32. Red1 Rxd4 33. Rxd4 Rd8 34. Rg4 Bf8 35. Rh4 Kd6 36. Rd4+ Ke7 37. Rxd8 Kxd8 38. f4 Bh6 39. f5 Bc1 40. Kg2 Bxb2 41. Kf3 Ke7 42. h4 Bc1 43. Kg4 c5 44. a4 a6 45. Bc4 b5 46. axb5 axb5 47. Bxb5 Bd2 48. Kh5 Be1 49. Kg6 Bxf2 50. h5 c4 51. Bxc4 Be3 52. h6 1-0


[Site "https://www.chess.com"]

[Event "Titled Tuesday Blitz April 19 Late 2022"]
[White "Noboa Silva, Kevin"]
[Black "Petrova, Irina"]
[WhiteFideId "3618471"]
[BlackFideId "14124122"]
[WhiteElo "2172"]
[BlackElo "1993"]
[Result "1/2-1/2"]
[Round "08"]
[TimeControl "180+1"]
[Date "2022.04.19"]
[WhiteClock "0:00:04"]
[BlackClock "0:00:08"]

1. d4 d6 2. e4 Nf6 3. Nc3 e5 4. Nge2 exd4 5. Nxd4 Be7 6. h3 O-O 7. Be3 Re8 8. g4 Bf8 9. Bg2 c5 10. Nde2 Nc6 11. O-O Bd7 12. Qd2 Ne5 13. b3 Bc6 14. Rad1 Ng6 15. Ng3 b5 16. g5 b4 17. gxf6 bxc3 18. Qxc3 Qxf6 19. Qxf6 gxf6 20. Rfe1 f5 21. exf5 Bxg2 22. fxg6 Bxh3 23. gxh7+ Kxh7 24. Bf4 Bg4 25. Rc1 Re6 26. Kg2 Rae8 27. Rh1+ Kg6 28. Rh4 Bf5 29. Nxf5 Kxf5 30. Bg3 Re1 31. Rxe1 Rxe1 32. Ra4 Re2 33. Rxa7 Ke6 34. c4 Bg7 35. Ra6 Be5 36. Kf3 Rb2 37. Bxe5 Kxe5 38. Ke3 f5 39. f4+ Ke6 40. Ra8 Rh2 41. Re8+ Kd7 42. Rf8 Ke6 43. Re8+ Kd7 44. Ra8 Rh3+ 45. Kd2 Rh2+ 46. Kc3 Rf2 47. a4 Rxf4 48. a5 Kc7 49. Rf8 Rf3+ 50. Kb2 Kb7 51. Rf6 Ka6 52. Rxd6+ Kxa5 53. Rc6 Kb4 54. Rb6+ Ka5 55. Rb5+ Ka6 56. Rxc5 f4 57. Rf5 Rf1 58. b4 f3 59. Rf6+ Kb7 60. b5 f2 61. c5 Kc7 62. Rf7+ Kc8 63. b6 Re1 64. Rxf2 Re5 65. Rc2 Kb7 66. Kb3 Kc6 67. Kb4 Re4+ 68. Rc4 Re1 69. Rh4 Rb1+ 70. Kc4 Rc1+ 71. Kd4 Rd1+ 72. Ke5 Kxc5 73. b7 Rb1 74. Rh7 Kc6 75. Kd4 Rxb7 76. Rh6+ Kc7 77. Kc5 Kb8 78. Rh8+ Ka7 79. Kc6 Rb6+ 80. Kc7 Rb7+ 81. Kc6 Rb6+ 82. Kc5 Rb7 83. Rh1 Kb8 84. Kc6 Rc7+ 85. Kd6 Rb7 86. Ra1 Kc8 87. Ra8+ Rb8 88. Ra7 Rb7 89. Ra6 Kb8 90. Ra4 Kc8 91. Re4 Rd7+ 92. Kc6 Rc7+ 93. Kb6 Rb7+ 94. Kc6 Rc7+ 95. Kb6 Rb7+ 96. Ka6 Rc7 97. Rd4 Rd7 98. Rf4 Rc7 99. Kb6 Rb7+ 100. Kc6 Rc7+ 101. Kd6 Rd7+ 102. Ke6 Rc7 103. Rb4 Rb7 104. Rh4 Rc7 105. Rh8+ Kb7 106. Kd6 Rc6+ 107. Kd5 Rc7 108. Rh4 Rd7+ 109. Ke6 Rc7 110. Rb4+ Kc8 111. Rb5 Rb7 112. Ra5 Kc7 113. Kd5 Rb6 114. Ra7+ Rb7 115. Ra8 Rb8 116. Ra1 Rb7 117. Kc5 Kb8 118. Rh1 Rc7+ 119. Kd6 Rb7 120. Rh5 Ka7 121. Kc5 Kb8 122. Rh8+ Ka7 1/2-1/2


[Site "https://www.chess.com"]

[Event "Titled Tuesday Blitz April 19 Late 2022"]
[White "Ostrovskiy, Aleksandr"]
[Black "Pinheiro, Iung Alicio de O."]
[WhiteFideId "2034239"]
[BlackFideId "2104350"]
[WhiteElo "2340"]
[BlackElo "2605"]
[Result "1-0"]
[Round "08"]
[TimeControl "180+1"]
[Date "2022.04.19"]
[WhiteClock "0:01:21"]
[BlackClock "0:00:16"]

1. d4 Nf6 2. Bf4 e6 3. e3 c5 4. Nf3 b6 5. Nc3 cxd4 6. Nb5 d6 7. Qxd4 e5 8. Nxe5 a6 9. Qc4 Be6 10. Nc7+ Ke7 11. Nxe6 fxe6 12. Nf3 e5 13. Bg3 Nbd7 14. O-O-O b5 15. Qb3 Nc5 16. Qa3 Qb6 17. Qc3 b4 18. Qc4 Ne6 19. Be2 h6 20. Bxe5 dxe5 21. Nxe5 Qb7 22. Ng6+ Kf7 23. Nxh8+ Kg8 24. Qxe6+ Kxh8 25. Bf3 1-0


[Site "https://www.chess.com"]